[Event "ICC tourney 2556 (25 5)"]
[Site "Internet Chess Club"]
[Date "2021.05.09"]
[Round "6"]
[White "RAJ ALAGUMALAI, GAUTHAM:K05-17028646"]
[Black "ROEDERER, JUDSON:K05-15626320"]
[Result "1-0"]
[ICCResult "Black checkmated"]
[WhiteElo "890"]
[BlackElo "1212"]
[Opening "Scandinavian (center counter) defense"]
[ECO "B01"]
[NIC "SD.01"]
[Time "13:33:22"]
[PlyCount "61"]
[TimeControl "1500+5"]

1. e4 d5 2. exd5 Qxd5 3. Nc3 Qa5 4. d4 Nf6 5. Nf3 c6 6. Bd2 Bg4 7. h3 Bh5
8. Nb5 Qd8 9. Nc3 e6 10. Bf4 Bb4 11. Qd3 Nd5 12. Bd2 Nxc3 13. Bxc3 Bxc3+
14. Qxc3 Nd7 15. Be2 O-O 16. Ne5 Bxe2 17. Nxd7 Qxd7 18. Kxe2 Rad8 19. Rad1
Qd5 20. b3 Qxg2 21. Rhg1 Qxh3 22. Qxh3 Rd5 23. Qg3 g6 24. Rh1 Ra5 25. Qh4
h5 26. Rdg1 Rxa2 27. Qxh5 Kg7 28. Qh6+ Kf6 29. Qxf8 c5 30. Qh8+ Kf5 31.
Qe5# { Black checkmated } 1-0

[Event "ICC tourney 2556 (25 5)"]
[Site "Internet Chess Club"]
[Date "2021.05.09"]
[Round "6"]
[White "STEPHEN CAMERON, KYLE:K05-16158046"]
[Black "NANDWA, EMMANUEL:K05-16412848"]
[Result "1-0"]
[ICCResult "Black checkmated"]
[WhiteElo "1144"]
[BlackElo "667"]
[Opening "Two knights defense (Modern bishop's opening)"]
[ECO "C24"]
[NIC "IG.04"]
[Time "13:33:00"]
[PlyCount "79"]
[TimeControl "1500+5"]

1. e4 e5 2. Bc4 Nf6 3. d3 Nc6 4. Nf3 h6 5. Nc3 Bb4 6. Bd2 d6 7. a3 Bc5 8.
b4 Bb6 9. Nd5 Nxd5 10. Bxd5 Bg4 11. a4 a6 12. a5 Ba7 13. c3 Qf6 14. Qa4 O-O
15. Bxc6 bxc6 16. Qxc6 Bxf3 17. gxf3 Qxf3 18. Rf1 Qxd3 19. Rd1 Qb5 20. Qxc7
Bb8 21. Qe7 Qe8 22. Qh4 Qd8 23. Qg3 Ba7 24. Bxh6 Qf6 25. Bg5 Qg6 26. Rg1
Qh7 27. Bf6 g6 28. Rxd6 Bb8 29. Rc6 Qh6 30. Bg5 Qh7 31. h4 Ba7 32. Qxe5 f6
33. Bxf6 Rae8 34. Qf5 Qh6 35. Rxg6+ Kh7 36. Rc7+ Re7 37. Rxe7+ Rf7 38.
Rxf7+ Qg7 39. Qh5+ Kg8 40. Rgxg7# { Black checkmated } 1-0

[Event "ICC tourney 2556 (25 5)"]
[Site "Internet Chess Club"]
[Date "2021.05.09"]
[Round "6"]
[White "MAITI, VEDANT:K05-16844427"]
[Black "SASTRY, ARUSH:K05-30017444"]
[Result "0-1"]
[ICCResult "White resigns"]
[WhiteElo "1057"]
[BlackElo "381"]
[Opening "Nimzo-Indian: Sämisch variation"]
[ECO "E24"]
[NIC "NI.18"]
[Time "13:32:57"]
[PlyCount "64"]
[TimeControl "1500+5"]

1. d4 Nf6 2. c4 e6 3. Nc3 Bb4 4. a3 Bxc3+ 5. bxc3 d6 6. f3 O-O 7. e4 e5 8.
d5 Na6 9. Be3 Nc5 10. Bxc5 dxc5 11. Bd3 Ne8 12. Qb3 Nd6 13. Ne2 Qg5 14. Ng3
Qe3+ 15. Be2 f5 16. Rd1 fxe4 17. Rf1 exf3 18. Rxf3 Rxf3 19. gxf3 e4 20.
fxe4 Bg4 21. Rd3 Qg1+ 22. Kd2 Bxe2 23. Nxe2 Nxe4+ 24. Kc2 Qf2 25. Rd2 Nxd2
26. Kxd2 Re8 27. Qd1 Qe3+ 28. Ke1 Qxc3+ 29. Qd2 Qf3 30. Kd1 Re3 31. a4 Rd3
32. Ke1 Qh1+ { White resigns } 0-1

[Event "ICC tourney 2556 (25 5)"]
[Site "Internet Chess Club"]
[Date "2021.05.09"]
[Round "6"]
[White "SHARMA, SUNEET:K05-16802074"]
[Black "SOMARAM, AKANKSHA:K05-17045572"]
[Result "1-0"]
[ICCResult "Black checkmated"]
[WhiteElo "847"]
[BlackElo "333"]
[Opening "King's pawn game"]
[ECO "C50"]
[NIC "IG.03"]
[Time "13:33:22"]
[PlyCount "97"]
[TimeControl "1500+5"]

1. e4 e5 2. Nf3 Nc6 3. Bc4 h6 4. Nc3 Nf6 5. d4 Bd6 6. Bb5 a6 7. Bxc6 exd4
8. Bxd7+ Bxd7 9. Qxd4 c6 10. e5 Bc5 11. Qxc5 Nd5 12. Nxd5 cxd5 13. Qxd5 b6
14. Be3 b5 15. O-O-O O-O 16. Qxd7 Qa5 17. Kb1 Rac8 18. Rd2 Rcd8 19. Qg4
Rxd2 20. Nxd2 b4 21. Bxh6 g6 22. Bxf8 Kxf8 23. Qc8+ Kg7 24. Nb3 Qxe5 25.
Qxa6 g5 26. Qd3 Qf4 27. Qd4+ Kh6 28. Qxf4 gxf4 29. Re1 f3 30. gxf3 f5 31.
Re6+ Kg5 32. Re5 Kf4 33. Rb5 Kxf3 34. Rxf5+ Kg2 35. Rf4 Kxh2 36. Rxb4 Kg2
37. Rf4 Kh3 38. Rf7 Kg4 39. a4 Kg5 40. a5 Kg6 41. Rf3 Kg5 42. a6 Kg4 43.
Rf7 Kg5 44. a7 Kg6 45. Rf3 Kg5 46. a8=Q Kg4 47. Rf7 Kg5 48. Qg8+ Kh4 49.
Rh7# { Black checkmated } 1-0

[Event "ICC tourney 2556 (25 5)"]
[Site "Internet Chess Club"]
[Date "2021.05.09"]
[Round "6"]
[White "KAGGUNDI RAVISHA, MANASWINI:K05-30132763"]
[Black "MAASAI DANIELS, INDIGO:K05-30096534"]
[Result "0-1"]
[ICCResult "White checkmated"]
[WhiteElo "643"]
[BlackElo "1100"]
[Opening "Scandinavian (center counter) defense"]
[ECO "B01"]
[NIC "VO.17"]
[Time "13:31:32"]
[PlyCount "98"]
[TimeControl "1500+5"]

1. e4 d5 2. Nc3 d4 3. Nb5 c6 4. Na3 e5 5. Bc4 Qh4 6. Qf3 Nf6 7. d3 Bg4 8.
Qg3 Qxg3 9. hxg3 b5 10. Bb3 Nbd7 11. f3 Be6 12. Bxe6 fxe6 13. c3 Nc5 14.
Kd2 O-O-O 15. cxd4 Rxd4 16. Kc2 Rxd3 17. Ne2 Rd7 18. Bd2 Na4 19. Rhd1 Bxa3
20. bxa3 Rhd8 21. g4 Nb6 22. g5 Ne8 23. f4 Nc4 24. Bb4 Ne3+ 25. Kb3 Rxd1
26. Rxd1 Nxd1 27. Ba5 Rd7 28. fxe5 Ne3 29. g3 Nc4 30. Bb4 Nxe5 31. Nf4 Nc7
32. Nh5 Rd3+ 33. Kc2 Rf3 34. Bd6 Nc4 35. Bc5 Nxa3+ 36. Kb2 Nc4+ 37. Kc1 Na6
38. Bxa7 Kb7 39. Bd4 g6 40. Nf4 e5 41. Ne6 exd4 42. Nd8+ Kc7 43. Ne6+ Kd6
44. Nxd4 Rxg3 45. e5+ Kxe5 46. Nxc6+ Kd6 47. Nd8 Nb4 48. Nf7+ Ke7 49. Nh6
Rg1# { White checkmated } 0-1

[Event "ICC tourney 2556 (25 5)"]
[Site "Internet Chess Club"]
[Date "2021.05.09"]
[Round "6"]
[White "COE, CAMERON:K05-16062903"]
[Black "PETUKHOV, ARTHUR:K05-16615802"]
[Result "0-1"]
[ICCResult "White checkmated"]
[WhiteElo "915"]
[BlackElo "1287"]
[Opening "QGD: exchange variation"]
[ECO "D35"]
[NIC "TD.08"]
[Time "13:30:57"]
[PlyCount "66"]
[TimeControl "1500+5"]

1. d4 d5 2. c4 e6 3. Nc3 Nf6 4. cxd5 Nxd5 5. e4 Nxc3 6. bxc3 c5 7. Nf3 cxd4
8. cxd4 Bb4+ 9. Bd2 Bxd2+ 10. Qxd2 O-O 11. Bc4 b6 12. O-O Bb7 13. Rfe1 Nd7
14. Rad1 Rc8 15. Bb3 Nf6 16. Qb2 Bxe4 17. Ng5 Bd5 18. Bc2 h6 19. Nf3 Bxf3
20. gxf3 Qc7 21. Rc1 Qf4 22. Bd1 Qxc1 23. Qe2 Qf4 24. Bb3 Qxd4 25. Kh1 e5
26. Rg1 Qf4 27. Qd1 Rfd8 28. Qe2 Rd2 29. Qf1 Qxf3+ 30. Rg2 Ng4 31. Kg1 Ne3
32. Rxg7+ Kxg7 33. Qg2+ Qxg2# { White checkmated } 0-1

[Event "ICC tourney 2556 (25 5)"]
[Site "Internet Chess Club"]
[Date "2021.05.09"]
[Round "6"]
[White "LI, AIDAN:K05-16624042"]
[Black "SAI POTHABATHULA, RAHUL:K05-17274526"]
[Result "1/2-1/2"]
[ICCResult "Game drawn because neither player has mating material"]
[WhiteElo "824"]
[BlackElo "1154"]
[Opening "Giuoco Piano"]
[ECO "C50"]
[NIC "IG.02"]
[Time "13:32:40"]
[PlyCount "158"]
[TimeControl "1500+5"]

1. e4 e5 2. Bc4 Nc6 3. Nf3 Bc5 4. O-O d6 5. h3 Nf6 6. d3 h6 7. Be3 Nd4 8.
c3 Nxf3+ 9. Qxf3 Bxe3 10. fxe3 Qe7 11. Nd2 Bd7 12. d4 exd4 13. exd4 O-O 14.
Rae1 c5 15. dxc5 dxc5 16. e5 Ne8 17. Re2 Be6 18. Bd3 Rd8 19. Qe4 g6 20. Rf6
Bf5 21. Rxf5 gxf5 22. Qxf5 Rxd3 23. Qxd3 f6 24. exf6 Qxf6 25. Qg3+ Qg7 26.
Qxg7+ Kxg7 27. Re7+ Rf7 28. Rxf7+ Kxf7 29. Nb3 b6 30. Kf2 Ke6 31. Ke3 Nf6
32. Nd2 Kf5 33. g3 h5 34. Kf3 Nd5 35. g4+ hxg4+ 36. hxg4+ Kg6 37. Ke4 Nf6+
38. Kf4 Kf7 39. Kf5 Nh7 40. Ne4 Ke7 41. Ng5 Nf8 42. Ne4 Nh7 43. g5 Nxg5 44.
Kxg5 Ke6 45. Kf4 Kd7 46. Ke3 Kc6 47. Kd3 Kd5 48. Nd2 Kc6 49. Kc2 Kd5 50. b3
Kc6 51. a4 a6 52. Kb2 b5 53. axb5+ axb5 54. c4 b4 55. Nb1 Kd6 56. Na3 bxa3+
57. Kxa3 Kc6 58. Ka4 Kb6 59. b4 cxb4 60. Kxb4 Kc6 61. Kc3 Kc5 62. Kd3 Kc6
63. Kd4 Kd6 64. Kc3 Kc5 65. Kb3 Kc6 66. Ka4 Kc5 67. Kb3 Kc6 68. Kb4 Kb6 69.
c5+ Kc6 70. Kc4 Kc7 71. Kb5 Kb7 72. c6+ Kc7 73. Kc5 Kc8 74. Kd6 Kd8 75. Kc5
Kc7 76. Kb5 Kc8 77. Kb6 Kb8 78. c7+ Kc8 79. Ka7 Kxc7 { Game drawn because
neither player has mating material } 1/2-1/2

[Event "ICC tourney 2556 (25 5)"]
[Site "Internet Chess Club"]
[Date "2021.05.09"]
[Round "6"]
[White "PENG, JUSTIN:K05-17057952"]
[Black "BEARD, THEO:K05-16437551"]
[Result "1/2-1/2"]
[ICCResult "White stalemated"]
[WhiteElo "878"]
[BlackElo "521"]
[Opening "Robatsch (modern) defense"]
[ECO "B06"]
[NIC "KF.05"]
[Time "13:31:44"]
[PlyCount "112"]
[TimeControl "1500+5"]

1. e4 g6 2. d4 Bg7 3. Nf3 d6 4. Bf4 Nf6 5. Nc3 O-O 6. Bc4 Bg4 7. h3 Bxf3 8.
Qxf3 Nc6 9. Qd1 h6 10. O-O e5 11. dxe5 dxe5 12. Qxd8 Rfxd8 13. Be3 Nb4 14.
Bb3 Nc6 15. Nb5 Rdc8 16. Rad1 Na5 17. Nxa7 Rd8 18. Nb5 Nxb3 19. axb3 Rxd1
20. Rxd1 Nh5 21. g3 Nf6 22. Nxc7 Rc8 23. Nb5 Rxc2 24. Rd8+ Bf8 25. Bxh6 Nh7
26. Bxf8 Nxf8 27. Nd6 Rxb2 28. Nxb7 Rb1+ 29. Kg2 Rxb3 30. Nc5 Rb5 31. Nd7
Rb4 32. Rxf8+ Kg7 33. Re8 Rxe4 34. Rxe5 Rxe5 35. Nxe5 Kf6 36. Ng4+ Kg5 37.
h4+ Kxg4 38. f3+ Kf5 39. g4+ Kf4 40. h5 gxh5 41. gxh5 Kg5 42. Kg3 Kxh5 43.
Kf4 Kg6 44. Kg4 f6 45. Kf4 f5 46. Ke5 Kg5 47. f4+ Kg4 48. Kd4 Kxf4 49. Kd3
Kg3 50. Ke2 f4 51. Kf1 f3 52. Kg1 Kf4 53. Kf2 Kg4 54. Kf1 Kg3 55. Kg1 f2+
56. Kf1 Kf3 { White stalemated } 1/2-1/2

[Event "ICC tourney 2556 (25 5)"]
[Site "Internet Chess Club"]
[Date "2021.05.09"]
[Round "6"]
[White "YAO, HANCHI:K05-16512998"]
[Black "WANG, ETHAN:K05-15914623"]
[Result "1-0"]
[ICCResult "Black resigns"]
[WhiteElo "1636"]
[BlackElo "1409"]
[Opening "King's Indian: fianchetto, Kavalek (Bronstein) variation"]
[ECO "E62"]
[NIC "KI.74"]
[Time "13:30:40"]
[PlyCount "77"]
[TimeControl "1500+5"]

1. d4 Nf6 2. c4 g6 3. Nc3 Bg7 4. Nf3 O-O 5. g3 d6 6. Bg2 c6 7. O-O Qa5 8.
e4 Re8 9. h3 e5 10. Re1 Qd8 11. Be3 Nfd7 12. Qc2 Rf8 13. dxe5 dxe5 14. Rad1
f5 15. exf5 Rxf5 16. g4 Rf7 17. Ng5 Rf6 18. Nce4 Qf8 19. Nxf6+ Nxf6 20. Rd2
Nbd7 21. Ne6 Qe7 22. Nxg7 Qxg7 23. Red1 Qe7 24. g5 Nh5 25. b4 Qxb4 26. Rxd7
Bxd7 27. Rxd7 Qe1+ 28. Kh2 Qb4 29. Qe4 Re8 30. Qf3 Qxc4 31. Rxb7 Rf8 32.
Qg4 Qxa2 33. Bxc6 a5 34. Bg2 Rf5 35. Rd7 Kh8 36. Qe4 Qg8 37. Bb6 Rf8 38.
Qxe5+ Ng7 39. Bd5 { Black resigns } 1-0

[Event "ICC tourney 2556 (25 5)"]
[Site "Internet Chess Club"]
[Date "2021.05.09"]
[Round "6"]
[White "WANG, HANBIN:K05-16715670"]
[Black "LEUNG, DOMINIC:K05-17346830"]
[Result "0-1"]
[ICCResult "White resigns"]
[WhiteElo "1049"]
[BlackElo "648"]
[Opening "Giuoco Piano"]
[ECO "C54"]
[NIC "IG.01"]
[Time "13:32:26"]
[PlyCount "110"]
[TimeControl "1500+5"]

1. e4 e5 2. Nf3 Nc6 3. Bc4 Nf6 4. c3 Bc5 5. d4 exd4 6. cxd4 Be7 7. Nc3 d6
8. d5 Ne5 9. Nxe5 dxe5 10. O-O O-O 11. Be3 Bd6 12. h3 Re8 13. Qb3 b6 14.
Bb5 Bd7 15. Bc4 h6 16. f4 exf4 17. Bxf4 Nxe4 18. Rae1 Nxc3 19. Rxe8+ Qxe8
20. bxc3 Bxf4 21. Rxf4 Qe3+ 22. Rf2 Rb8 23. d6 cxd6 24. Bxf7+ Kh7 25. Qd5
Qe1+ 26. Rf1 Qe3+ 27. Kh2 Qe5+ 28. Qxe5 dxe5 29. Re1 Rf8 30. Bc4 Re8 31.
Kg3 g5 32. Bd3+ Kg7 33. Bc4 b5 34. Bd5 a5 35. Kf3 Kf6 36. g4 b4 37. cxb4
axb4 38. Ke3 Be6 39. Ke4 Rd8 40. Rf1+ Ke7 41. Bb3 Bxb3 42. axb3 Ke6 43. Rf5
Rd4+ 44. Ke3 Rd8 45. Ke4 Rd4+ 46. Ke3 Rf4 47. Rxf4 exf4+ 48. Kf3 Kd5 49.
Ke2 Ke4 50. Kf2 Kd3 51. Kf3 Kc3 52. Ke2 Kxb3 53. Kd2 Kb2 54. Kd3 b3 55. Kd2
Ka2 { White resigns } 0-1

[Event "ICC tourney 2556 (25 5)"]
[Site "Internet Chess Club"]
[Date "2021.05.09"]
[Round "6"]
[White "QIAO, MASON:K05-17196377"]
[Black "NIMMAGADDA, SIDDHARTH:K05-16320710"]
[Result "0-1"]
[ICCResult "White resigns"]
[WhiteElo "957"]
[BlackElo "644"]
[Opening "Petrov's defense"]
[ECO "C42"]
[NIC "RG.03"]
[Time "13:31:32"]
[PlyCount "42"]
[TimeControl "1500+5"]

1. e4 e5 2. Nf3 Nf6 3. Nxe5 Nc6 4. Nxc6 dxc6 5. d3 Bc5 6. Be2 O-O 7. O-O
Be6 8. c3 Bb6 9. Bg5 h6 10. Bh4 g5 11. Bg3 Qd7 12. e5 Ng4 13. h3 Ne3 14.
fxe3 Bxe3+ 15. Bf2 Bxf2+ 16. Rxf2 Rae8 17. d4 Rd8 18. Bd3 c5 19. d5 Qxd5
20. Rf3 c4 21. Be2 Qc5+ { White resigns } 0-1

[Event "ICC tourney 2556 (25 5)"]
[Site "Internet Chess Club"]
[Date "2021.05.09"]
[Round "6"]
[White "SUAREZ, SEBASTIAN:K05-16875347"]
[Black "ROBERT WICKS, COLIN:K05-16090713"]
[Result "1-0"]
[ICCResult "Black checkmated"]
[WhiteElo "1414"]
[BlackElo "1624"]
[Opening "Petrov's defense"]
[ECO "C42"]
[NIC "RG.03"]
[Time "13:30:42"]
[PlyCount "123"]
[TimeControl "1500+5"]

1. e4 e5 2. Nf3 Nf6 3. Nxe5 Nc6 4. Nxc6 dxc6 5. Nc3 Bc5 6. h3 O-O 7. d3 h6
8. Be2 Qd6 9. Bf3 Re8 10. Qe2 Bd7 11. a3 a5 12. Be3 Bxe3 13. Qxe3 Nd5 14.
Qd2 f5 15. O-O Nxc3 16. Qxc3 Qg6 17. exf5 Bxf5 18. Kh2 Qd6+ 19. g3 Kh8 20.
Rfe1 Bd7 21. Rxe8+ Bxe8 22. Re1 Bf7 23. Qe5 Qxe5 24. Rxe5 Re8 25. Rxa5 Re1
26. Ra7 Rc1 27. Rxb7 Rxc2 28. Kg2 Bg6 29. Be4 Bxe4+ 30. dxe4 Kh7 31. Rxc7
Kg6 32. a4 Kf6 33. a5 Rc5 34. a6 Ke5 35. a7 Ra5 36. b4 Ra6 37. Rxg7 Kxe4
38. Rg6 Kd5 39. b5 Rxa7 40. bxc6 h5 41. Rg5+ Kxc6 42. Rxh5 Kd6 43. g4 Ke6
44. f3 Kf6 45. Kg3 Kg6 46. h4 Ra8 47. Re5 Kf6 48. Re3 Kg6 49. f4 Ra1 50.
h5+ Kf7 51. Kh4 Rf1 52. Kg5 Ra1 53. h6 Ra5+ 54. Re5 Ra6 55. f5 Kg8 56. f6
Kh7 57. Re7+ Kh8 58. Kg6 Rxf6+ 59. Kxf6 Kg8 60. g5 Kh8 61. Kg6 Kg8 62. Re8#
{ Black checkmated } 1-0

[Event "ICC tourney 2556 (25 5)"]
[Site "Internet Chess Club"]
[Date "2021.05.09"]
[Round "6"]
[White "THIMMASAMUDRAM, SANDEEP:K05-16278356"]
[Black "DIAZ, ISAAC:K05-16913526"]
[Result "1-0"]
[ICCResult "Black checkmated"]
[WhiteElo "1199"]
[BlackElo "853"]
[Opening "Sicilian defense"]
[ECO "B20"]
[NIC "SI.48"]
[Time "13:32:10"]
[PlyCount "49"]
[TimeControl "1500+5"]

1. e4 c5 2. Bc4 Nc6 3. Nc3 g6 4. d3 Bg7 5. f4 d6 6. Nf3 Nf6 7. O-O O-O 8.
f5 e6 9. fxe6 Bxe6 10. Nd5 Na5 11. Bg5 Bxd5 12. Bxd5 Qc7 13. Qd2 Nxd5 14.
exd5 Qb6 15. Be3 Qb5 16. c3 b6 17. Bh6 Nb7 18. Bxg7 Kxg7 19. Nh4 h6 20. Qf4
Qxb2 21. Qf6+ Kh7 22. Qe7 Rab8 23. Rxf7+ Rxf7 24. Qxf7+ Kh8 25. Nxg6# {
Black checkmated } 1-0

[Event "ICC tourney 2556 (25 5)"]
[Site "Internet Chess Club"]
[Date "2021.05.09"]
[Round "6"]
[White "T LI, JUSTIN:K05-16435402"]
[Black "JAYAPRAKASH, NANDAN:K05-16292014"]
[Result "0-1"]
[ICCResult "White resigns"]
[WhiteElo "511"]
[BlackElo "848"]
[Opening "Caro-Kann: two knights, 3...Bg4"]
[ECO "B10"]
[NIC "CK.01"]
[Time "13:30:58"]
[PlyCount "84"]
[TimeControl "1500+5"]

1. e4 c6 2. Nf3 d5 3. Nc3 Bg4 4. d4 Nf6 5. e5 Ne4 6. Nxe4 dxe4 7. h3 Bh5 8.
g4 Bg6 9. Nd2 e6 10. Bg2 Bb4 11. c3 Ba5 12. Nxe4 O-O 13. f4 Nd7 14. h4 Bxe4
15. Bxe4 f5 16. gxf5 exf5 17. Bd3 Nb6 18. h5 h6 19. Qf3 Qxd4 20. Bd2 Qd5
21. Qh3 Nc4 22. b3 Nxd2 23. Kxd2 Qd7 24. Kc2 Rad8 25. Bc4+ Kh8 26. Rad1 Qc8
27. Rhg1 Rxd1 28. Rxd1 Bc7 29. Bd3 b5 30. Rg1 Qd7 31. Rg6 a6 32. c4 Bb8 33.
cxb5 axb5 34. e6 Qe7 35. Bxf5 Bxf4 36. Qf3 Rxf5 37. Qxc6 Qc7 38. Qxc7 Bxc7
39. Kd3 Rxh5 40. Kd4 Re5 41. a4 bxa4 42. bxa4 Kh7 { White resigns } 0-1

[Event "ICC tourney 2556 (25 5)"]
[Site "Internet Chess Club"]
[Date "2021.05.09"]
[Round "6"]
[White "RAGHAV JEGAN, ASHWIN:K05-16548454"]
[Black "LIU, DAVID:K05-15646077"]
[Result "0-1"]
[ICCResult "White checkmated"]
[WhiteElo "668"]
[BlackElo "1100"]
[Opening "Giuoco Piano: four knights variation"]
[ECO "C46"]
[NIC "KP.06"]
[Time "13:33:49"]
[PlyCount "64"]
[TimeControl "1500+5"]

1. e4 e5 2. Nf3 Nc6 3. Nc3 Bc5 4. Bc4 Nf6 5. O-O O-O 6. h3 d6 7. d3 h6 8.
Nd5 Bd7 9. b4 Bb6 10. b5 Nd4 11. Bb2 Ne6 12. a4 a6 13. d4 exd4 14. Re1 c6
15. Nxb6 Qxb6 16. Nxd4 Nc5 17. Nb3 Ncxe4 18. Re2 Rae8 19. Bd4 c5 20. Bb2
Re7 21. Ra3 Rfe8 22. Nc1 Be6 23. Bd3 Bd5 24. c4 Be6 25. Bxe4 Bxc4 26. Re1
Rxe4 27. Bxf6 Rxe1+ 28. Qxe1 Rxe1+ 29. Kh2 d5 30. Nb3 Qxf6 31. Nxc5 Qf4+
32. g3 Qxf2# { White checkmated } 0-1

[Event "ICC tourney 2556 (25 5)"]
[Site "Internet Chess Club"]
[Date "2021.05.09"]
[Round "6"]
[White "BOTHE, NYSA:K05-17073423"]
[Black "RAJASEKHARA, CHAMESH:K05-16661211"]
[Result "0-1"]
[ICCResult "White resigns"]
[WhiteElo "815"]
[BlackElo "972"]
[Opening "Mieses opening"]
[ECO "A00"]
[NIC "VO.13"]
[Time "13:33:00"]
[PlyCount "64"]
[TimeControl "1500+5"]

1. d3 c5 2. Nf3 Nc6 3. c3 g6 4. e4 Bg7 5. Be2 d6 6. O-O Nf6 7. Qb3 O-O 8.
Bg5 b6 9. Nbd2 Bd7 10. Rfe1 Na5 11. Qc2 Rb8 12. b4 cxb4 13. cxb4 Rc8 14.
Qb2 Nxe4 15. Qb1 Nc3 16. Bxe7 Qxe7 17. Bd1 Qxe1+ 18. Nxe1 Nxb1 19. Rxb1 Nc6
20. Bf3 Bc3 21. Ne4 Be5 22. Bd1 d5 23. Nc3 Bxc3 24. Nf3 Rfe8 25. Bb3 Be6
26. a3 Nd4 27. Nxd4 Bxd4 28. Ba4 Re7 29. Re1 Rec7 30. h3 Rc1 31. Rf1 Rxf1+
32. Kxf1 Rc3 { White resigns } 0-1

[Event "ICC tourney 2556 (25 5)"]
[Site "Internet Chess Club"]
[Date "2021.05.09"]
[Round "6"]
[White "JIANG, ANDREW:K05-16091063"]
[Black "GIORGIO TESSIORE, LUCA:K05-17347744"]
[Result "1-0"]
[ICCResult "Black resigns"]
[WhiteElo "2021"]
[BlackElo "1914"]
[Opening "Sicilian defense"]
[ECO "B30"]
[NIC "SI.31"]
[Time "13:31:01"]
[PlyCount "39"]
[TimeControl "1500+5"]

1. e4 c5 2. Nf3 Nc6 3. c3 d5 4. e5 g6 5. d4 Bg7 6. Be2 e6 7. O-O Nge7 8.
Bg5 O-O 9. Qd2 Qc7 10. Na3 a6 11. Bf6 cxd4 12. cxd4 h5 13. h3 Nf5 14. g4
Bxf6 15. exf6 hxg4 16. hxg4 Nd6 17. Qh6 Ne8 18. Kg2 Nxf6 19. Rh1 Nh5 20.
gxh5 { Black resigns } 1-0

[Event "ICC tourney 2556 (25 5)"]
[Site "Internet Chess Club"]
[Date "2021.05.09"]
[Round "6"]
[White "ROLDAN, JAIR:K05-16274148"]
[Black "TANN, KEVIN:K05-16685678"]
[Result "1-0"]
[ICCResult "Black checkmated"]
[WhiteElo "965"]
[BlackElo "142"]
[Opening "Scotch game"]
[ECO "C45"]
[NIC "SO.05"]
[Time "13:32:40"]
[PlyCount "137"]
[TimeControl "1500+5"]

1. e4 e5 2. Nf3 Nc6 3. d4 exd4 4. Nxd4 Bc5 5. Be3 Qf6 6. Nxc6 Bxe3 7. fxe3
Qxb2 8. Nd2 dxc6 9. Bc4 Qe5 10. O-O Qg5 11. Bxf7+ Ke7 12. Qe2 Nf6 13. Bc4
Bg4 14. Nf3 Bxf3 15. Qxf3 Rhf8 16. Qh3 Qe5 17. Bd3 Nxe4 18. Qh4+ g5 19.
Qxe4 Qxe4 20. Bxe4 Rxf1+ 21. Rxf1 h6 22. h3 Rf8 23. Rxf8 Kxf8 24. Kf2 Ke7
25. Kf3 Ke6 26. Kg3 Ke5 27. Bd3 a6 28. h4 b5 29. hxg5 hxg5 30. Kg4 Kf6 31.
e4 c5 32. c3 c4 33. Bc2 c5 34. a3 a5 35. Kf3 b4 36. cxb4 axb4 37. axb4 cxb4
38. Ke2 b3 39. Bb1 c3 40. Kd3 c2 41. Bxc2 bxc2 42. Kxc2 Ke5 43. Kd3 Ke6 44.
Kd4 g4 45. g3 Ke7 46. Kd5 Kd7 47. e5 Ke7 48. Ke4 Ke6 49. Kf4 Kd5 50. Kxg4
Kxe5 51. Kh5 Kf5 52. g4+ Kf6 53. Kh6 Kf7 54. g5 Ke8 55. Kh7 Kf7 56. g6+ Kf8
57. g7+ Kf7 58. g8=Q+ Ke7 59. Qg6 Kd7 60. Qf6 Kc7 61. Kg7 Kd7 62. Kf7 Kc7
63. Qe6 Kb7 64. Ke7 Kc7 65. Qd5 Kb6 66. Kd7 Ka7 67. Kc6 Ka8 68. Qd7 Kb8 69.
Qb7# { Black checkmated } 1-0

[Event "ICC tourney 2556 (25 5)"]
[Site "Internet Chess Club"]
[Date "2021.05.09"]
[Round "6"]
[White "DUNIKOV, GLIB:K05-16572317"]
[Black "AGNIHOTRI, AADI:K05-16443397"]
[Result "1-0"]
[ICCResult "Black checkmated"]
[WhiteElo "1502"]
[BlackElo "1183"]
[Opening "Caro-Kann: advance variation"]
[ECO "B12"]
[NIC "CK.04"]
[Time "13:31:59"]
[PlyCount "71"]
[TimeControl "1500+5"]

1. e4 c6 2. d4 d5 3. e5 Bf5 4. h4 e6 5. g4 Be4 6. f3 Qa5+ 7. Bd2 Qb6 8. Bc3
c5 9. fxe4 cxd4 10. Qxd4 Bc5 11. Qa4+ Nc6 12. Nh3 Nh6 13. exd5 exd5 14. Be2
O-O-O 15. Qb5 Qxb5 16. Bxb5 Nxg4 17. Bxc6 bxc6 18. Nd2 d4 19. Ba5 Rd5 20.
O-O-O Nxe5 21. Nf4 Rd7 22. Nb3 Be7 23. Nxd4 Nc4 24. Nxc6 Rxd1+ 25. Rxd1 Bf6
26. Bc3 Bxh4 27. Nxa7+ Kb7 28. Rd7+ Kb6 29. Bd4+ Ka6 30. Nd5 Bg5+ 31. Kb1
Nd2+ 32. Ka1 Nf3 33. Nb4+ Ka5 34. Nac6+ Kb5 35. Rd5+ Ka4 36. Ra5# { Black
checkmated } 1-0

[Event "ICC tourney 2556 (25 5)"]
[Site "Internet Chess Club"]
[Date "2021.05.09"]
[Round "6"]
[White "SENTHIL, ADITYA:K05-16653164"]
[Black "SETHI, KANWAR:K05-16874098"]
[Result "1/2-1/2"]
[ICCResult "White stalemated"]
[WhiteElo "1237"]
[BlackElo "852"]
[Opening "Sicilian: dragon, Yugoslav attack, 10.O-O-O"]
[ECO "B78"]
[NIC "SI.18"]
[Time "13:31:39"]
[PlyCount "114"]
[TimeControl "1500+5"]

1. e4 c5 2. Nf3 g6 3. d4 cxd4 4. Nxd4 Nf6 5. Nc3 d6 6. Be3 Bg7 7. Bc4 O-O
8. f3 Nc6 9. Qd2 Bd7 10. O-O-O Nxd4 11. Bxd4 Rc8 12. Bb3 a5 13. a3 b5 14.
g4 b4 15. axb4 axb4 16. Na2 Qa5 17. Qxb4 Bh6+ 18. Kb1 Qxb4 19. Nxb4 Rb8 20.
Nd3 Ra8 21. h4 Bg7 22. Rdg1 Ra6 23. c3 Rfa8 24. Kc2 Rb8 25. Nf2 Rc6 26.
Bxf6 Bxf6 27. Ba4 Rcb6 28. Bxd7 Rxb2+ 29. Kd3 Rxf2 30. Rf1 Rbb2 31. Ke3
Rfe2+ 32. Kd3 Rh2 33. h5 gxh5 34. gxh5 Rxh1 35. Rxh1 Rf2 36. Bg4 Kf8 37.
Ra1 Kg7 38. Rg1 Kh6 39. Rc1 Kg5 40. Ke3 Rg2 41. c4 Kh4 42. c5 Bg5+ 43. Kd3
Bxc1 44. cxd6 exd6 45. Kd4 Bf4 46. Kd5 Rxg4 47. fxg4 Kxg4 48. h6 Kg5 49.
Kc6 Kxh6 50. Kd7 Kg6 51. Ke7 h5 52. Kd7 h4 53. Kc6 h3 54. Kd5 h2 55. Kd4
h1=Q 56. e5 Qd1+ 57. Ke4 dxe5 { White stalemated } 1/2-1/2

[Event "ICC tourney 2556 (25 5)"]
[Site "Internet Chess Club"]
[Date "2021.05.09"]
[Round "6"]
[White "MUNRO HARTMAN, NADAV:K05-16966336"]
[Black "WONG, WYATT:K05-17016313"]
[Result "0-1"]
[ICCResult "White checkmated"]
[WhiteElo "1046"]
[BlackElo "1439"]
[Opening "Réti opening"]
[ECO "A04"]
[NIC "QP.10"]
[Time "13:32:16"]
[PlyCount "64"]
[TimeControl "1500+5"]

1. Nf3 c5 2. Nc3 d6 3. e4 Nf6 4. h3 e6 5. Bc4 a6 6. a4 Be7 7. O-O O-O 8.
Re1 Nc6 9. d3 h6 10. Bf4 Re8 11. Qd2 b6 12. Nh2 Bb7 13. Nd1 d5 14. exd5
exd5 15. Bb3 Nd4 16. Ba2 Nh5 17. Bxh6 gxh6 18. Qxh6 Ng7 19. Ne3 Bg5 20.
Nhg4 Bxh6 21. Nxh6+ Kh7 22. Nxf7 Qf6 23. Nxd5 Qxf7 24. Nxb6 Rxe1+ 25. Rxe1
Qg6 26. Nd5 Nf3+ 27. Kf1 Nxe1 28. Nf4 Bxg2+ 29. Kxe1 Re8+ 30. Kd1 Bf3+ 31.
Kd2 Qg1 32. Bf7 Qe1# { White checkmated } 0-1